 Dungeon Crawl Stone Soup version 0.18-a0-1718-g40ea4b6 (webtiles) character file.

15804 M4edhros the Covert (level 12, -10/115 HPs)
             Began as an Octopode Wanderer on Apr 8, 2016.
             Was a High Priest of Fedhas.
             Mangled by a white ugly thing (35 damage)
             ... on level 12 of the Dungeon.
             The game lasted 00:46:14 (16532 turns).

M4edhros the Covert (Octopode Wanderer)            Turns: 16532, Time: 00:46:16

Health: -10/115    AC: 26    Str: 18    XL:     12   Next: 30%
Magic:  17/17      EV:  2    Int: 18    God:    Fedhas [*****.]
Gold:   797        SH:  8    Dex: 18    Spells: 3 memorised, 2 levels left

rFire  + . .     SeeInvis +     j - +2 hunting sling (venom)
rCold  . . .     Gourm    .     t - +2 buckler
rNeg   + + +     Faith    .     (helmet currently unavailable)
rPois  +         Spirit   .     (no amulet)
rElec  .         Dismiss  .     h - +2 ring of dexterity
rCorr  .         Reflect  .     G - ring of protection from fire
SustAt .         Harm     .     (no ring)
MR     +++..     NoTele   +     B - ring of protection from magic
Stlth  ++++++++..               H - ring of see invisible
                                N - ring of protection from magic
                                O - +6 ring of intelligence
                                F - ring of wizardry

@: tree-form, drained, extremely resistant to hostile enchantments,
extraordinarily stealthy
A: almost no armour, (amphibious), 8 rings, (constrict 8), (tentacle spike 0),
(camouflage 0), (cold resistance 0), low mp 1, magic resistance 1, (shaggy fur
0), strong 2, teleportitis 1, wild magic 1, (gelatinous body 0), evolution 1
a: Evolution, Sunlight, Growth, Reproduction, Rain, Renounce Religion


You were on level 12 of the Dungeon.
You worshipped Fedhas.
Fedhas was extremely pleased with you.
You were near starving.
You were a tree.
You visited 1 branch of the dungeon, and saw 13 of its levels.
You also visited: Labyrinth and Ossuary.

You collected 797 gold pieces.

Inventory:

Hand Weapons
 j - a +2 hunting sling of venom (weapon)
 l - a +0 blowgun
 m - a +1 spear of pain
 D - the +0 dagger "Octopus's Regret" {elec, *Drain +Inv rElec Dex+3}
   (You found it in a labyrinth)

   Occasionally, upon striking a foe, it will discharge some electrical energy
   and cause terrible harm.
   It affects your dexterity (+3).
   It insulates you from electricity.
   It lets you turn invisible.
   It causes draining when unequipped.
Missiles
 d - 42 poisoned sling bullets
 f - 164 stones
 i - 72 sling bullets (quivered)
 k - 6 curare-tipped needles
Armour
 t - a +2 buckler (worn)
Jewellery
 h - a +2 ring of dexterity (left branch)
 B - a ring of protection from magic (on tentacle)
 F - a ring of wizardry (on tentacle)
 G - a ring of protection from fire (right branch)
 H - a ring of see invisible (on tentacle)
 N - a ring of protection from magic (on tentacle)
 O - a +6 ring of intelligence (on tentacle)
Wands
 a - a wand of enslavement (8/24)
 e - a wand of iceblast (0/15)
 w - a wand of polymorph (4/24)
 y - a wand of slowing (28/48)
 z - a wand of enslavement (9/24)
 A - a wand of disintegration (5/24)
 I - a wand of digging (10/24)
 P - a wand of digging (2/24)
 Q - a wand of flame (27/48)
Scrolls
 c - 2 scrolls of teleportation
 g - 10 scrolls of remove curse
 o - 4 scrolls of recharging
 p - 4 scrolls of fear
 q - 6 scrolls of fog
 E - a scroll of enchant armour
 K - a scroll of magic mapping {unknown}
 R - a scroll of blinking
 T - a scroll of enchant weapon
Potions
 b - 2 potions of curing
 v - 6 potions of cancellation
 x - a potion of flight
 C - a potion of haste
 U - 4 potions of brilliance
Books
 M - a book of Unlife

   Spells                             Type                      Level
   a - Recall                         Summoning/Translocation      3
   b - Animate Dead                   Necromancy                   4
   c - Control Undead                 Necromancy                   4
   d - Cigotuvi's Embrace             Necromancy                   5
   e - Death Channel                  Necromancy                   6
   f - Simulacrum                     Ice/Necromancy               6
Miscellaneous
 S - a disc of storms
Comestibles
 n - 6 fruits
 r - a royal jelly
 s - 5 beef jerkies
 u - 8 meat rations
 L - 10 slices of pizza


   Skills:
 - Level 5.0(4.8) Fighting
 + Level 1.8(1.6) Short Blades
   Level 3.0(5.0) Axes
 * Level 6.7(6.8) Polearms
 * Level 9.2(8.9) Slings
 - Level 11.6(11.4) Stealth
 + Level 6.8(6.6) Shields
 * Level 6.8(6.5) Necromancy
 - Level 1.2(1.0) Earth Magic
 - Level 9.6(9.3) Invocations
 * Level 4.2(4.0) Evocations


You had 2 spell levels left.
You knew the following spells:

 Your Spells              Type           Power        Failure   Level  Hunger
a - Swiftness             Chrm/Air       #.......     19%         2    ###....
b - Lee's Rapid Deconstr  Erth           #.........   98%         5    ######.
c - Corpse Rot            Necr           N/A          1%          2    ###....


Dungeon Overview and Level Annotations

Branches:
Dungeon (13/15)            Temple (0/1) D:5            Lair (0/8) D:8
    Orc (0/2) D:9
 Vaults: D:13-14

Altars:
Fedhas
Gozag
Kikubaaqudgha
Makhleb
Pakellas
Qazlal
Sif Muna
Trog
Vehumet
Xom
Yredelemnul
Zin
The Shining One
Beogh


Innate Abilities, Weirdness & Mutations

You cannot wear most types of armour.
((You are amphibious.))
You can wear up to eight rings at the same time.
((You can use your tentacles to constrict eight enemies at once.))
((Your skin blends seamlessly with your surroundings (Stealth).))
((Your rubbery body absorbs attacks (AC +1).))
((One of your tentacles bears a spike.))
((Your flesh is cold resistant.))
Your magical capacity is low (-10% MP).
You are resistant to hostile enchantments.
((You are covered in fur (AC +1).))
Your muscles are very strong. (Str +4)
You are occasionally teleported next to monsters.
Your spells are a little harder to cast, but a little more powerful.
You evolve.


Message History

The white ugly thing tail-slaps you. The white ugly thing freezes you!
* * * LOW HITPOINT WARNING * * *
You are too injured to fight recklessly!
Firing (i - inventory. (,) - cycle):
i - 74 sling bullets (quivered)
Press: ? - help, Shift-Dir - straight line, f/p - white ugly thing
Aim: a white ugly thing (heavily wounded, poisoned)
You shoot a sling bullet.
The sling bullet hits the white ugly thing.
The white ugly thing is heavily wounded.
The white ugly thing tail-slaps you but does no damage.
Firing (i - inventory. (,) - cycle):
i - 73 sling bullets (quivered)
Press: ? - help, Shift-Dir - straight line, f/p - white ugly thing
Aim: a white ugly thing (heavily wounded, poisoned)
You shoot a sling bullet.
The sling bullet closely misses the white ugly thing.
The white ugly thing tail-slaps you.
* * * LOW HITPOINT WARNING * * *
The white ugly thing freezes you!!
You die...
Fedhas appreciates your contribution to the ecosystem.

#.# #.........#....# #.#
#.........#....#
#.#####.........#....#
#...............#....#
#...............#....#
#...............#....#
#..............?'....#
#.....#########.####'#
#....♣#.......#.......
###..u+.......#.......
#..[#.......#.......
#...#.......#.......
########...'......##.......
#.......[..#......#).......
###........#......#........
#.......(#......#.)......
#........#......#.)......


You could see a white ugly thing.

Vanquished Creatures
  A minotaur (Lab)
  A hydra (D:12)
  An unseen horror (D:11)
  Psyche (D:8)
  An efreet (D:13)
  3 redbacks (Lab)
  4 yaks
  2 basilisks (Lab)
  A hungry ghost (D:12)
  A vampire mosquito (D:12)
  A soldier ant (D:12)
  3 black bears
  2 sky beasts
  4 centaurs
  3 ogres
  A big kobold (D:13)
  5 giant frogs
  A wyvern skeleton (D:10)
  A water moccasin skeleton (D:8)
  3 scorpions
  8 killer bees
  3 wights (D:7)
  2 howler monkeys
  5 orc priests
  3 centaur skeletons
  2 hounds
  A jelly (D:5)
  5 giant frog skeletons
  4 orc wizards
  A human skeleton (Ossuary)
  3 iguanas
  Natasha (thrice) (D:3)
  7 worker ants
  A big kobold skeleton (Ossuary)
  2 hound skeletons
  A mummy (Ossuary)
  A howler monkey skeleton (D:10)
  3 gnolls (D:2)
  7 adders
  A shadow imp (D:7)
  An ooze (D:2)
  3 worms
  2 dart slugs
  4 giant geckos
  47 orcs
  A ball python (D:3)
  3 giant cockroaches
  11 goblins
  5 hobgoblins (D:2)
  23 kobolds
  3 quokkas
  10 bats
  7 giant newts
  3 gnoll skeletons
  3 goblin skeletons (Ossuary)
  2 hobgoblin skeletons (Ossuary)
  3 kobold skeletons (Ossuary)
  An orc skeleton (Ossuary)
  7 rats
242 creatures vanquished.

Vanquished Creatures (collateral kills)
  The ghost of Torro the Fighter, a journeyman DsFi of Trog (D:10)
  A rakshasa (D:13)
  Sonja (D:12)
  The ghost of M4edhros the Spear-Bearer, a novice OpWn of Xom (D:7)
  2 hill giants (D:12)
  An ugly thing (D:11)
  A cyclops (D:13)
  Joseph (D:8)
  A gargoyle (D:10)
  A kobold demonologist (D:12)
  2 trolls
  Prince Ribbit (D:5)
  A shadow (D:13)
  A wraith (D:12)
  16 yaks
  A vampire (D:13)
  A human (D:7)
  A hippogriff (D:10)
  A vampire mosquito (D:12)
  Menkaure (D:7)
  A sky beast (D:5)
  4 ice beasts
  10 orc warriors
  2 phantoms
  A centaur (D:6)
  4 ogres
  5 big kobolds
  4 giant frogs
  8 scorpions
  A water moccasin skeleton (D:7)
  17 killer bees
  4 wights (D:13)
  A crimson imp (D:9)
  2 centaur zombies
  A centaur skeleton (D:7)
  A jelly (D:6)
  3 giant frog skeletons
  5 orc priests
  6 orc wizards
  A worker ant (D:10)
  2 sheep (D:7)
  2 mummies (Ossuary)
  3 adders
  2 shadow imps
  An adder skeleton (D:10)
  30 orcs
  A giant cockroach (D:6)
  2 quokkas
  9 kobolds
170 creatures vanquished.

Vanquished Creatures (others)
  A deep elf annihilator (D:7)
  9 wandering mushrooms
  2 necrophages
  2 wasps
  3 worker ant zombies
  7 scorpion zombies (Ossuary)
  263 toadstools
287 creatures vanquished.

Grand Total: 699 creatures vanquished

Notes
Turn   | Place    | Note
--------------------------------------------------------------
     0 | D:1      | M4edhros the Octopode Wanderer began the quest for the Orb.
     0 | D:1      | M4edhros set off with: a +2 hand axe, a scroll of teleportation, a potion of curing, a bread ration
     0 | D:1      | Reached XP level 1. HP: 18/18 MP: 1/1
    23 | D:1      | Reached skill level 2 in Stealth
    58 | D:1      | Reached XP level 2. HP: 16/24 MP: 2/2
    86 | D:1      | Reached skill level 3 in Stealth
   729 | D:2      | Reached skill level 1 in Slings
   729 | D:2      | Reached XP level 3. HP: 16/29 MP: 3/3
  1083 | D:2      | Reached skill level 4 in Stealth
  1177 | D:3      | Noticed Natasha
  1195 | D:3      | Killed Natasha
  1195 | D:3      | Reached XP level 4. HP: 22/35 MP: 4/4
  1238 | D:3      | Found a glowing silver altar of Zin.
  1238 | D:3      | Found a deep blue altar of Sif Muna.
  1297 | D:3      | Reached XP level 5. HP: 37/39 MP: 5/5
  1310 | D:3      | Noticed Natasha
  1324 | D:3      | Killed Natasha
  1325 | D:3      | Noticed Natasha
  1333 | D:3      | Killed Natasha
  1333 | D:3      | Reached skill level 5 in Stealth
  1467 | D:3      | Found an ancient bone altar of Kikubaaqudgha.
  1470 | D:3      | Found a blossoming altar of Fedhas.
  1472 | D:3      | Found a bloodstained altar of Trog.
  1478 | D:3      | Became a worshipper of Fedhas Madash
  1599 | D:3      | Found an oddly glowing altar of Pakellas.
  1863 | D:2      | Gained mutation: Your flesh is cold resistant. [potion of beneficial mutation]
  1867 | D:2      | Reached XP level 6. HP: 19/45 MP: 6/6
  1868 | D:2      | Reached * piety under Fedhas
  2411 | D:4      | Found a stormy altar of Qazlal.
  2413 | D:4      | Noticed an air elemental
  2414 | D:4      | Noticed a water elemental
  2414 | D:4      | Noticed a fire elemental
  2596 | D:4      | Reached skill level 6 in Stealth
  3049 | D:4      | Reached skill level 5 in Slings
  3049 | D:4      | Reached XP level 7. HP: 29/50 MP: 7/7
  3295 | D:4      | Learned a level 2 spell: Swiftness
  3468 | D:5      | Entered Level 5 of the Dungeon
  3570 | D:5      | Noticed Prince Ribbit
  3606 | D:5      | Killed Prince Ribbit
  3606 | D:5      | Reached skill level 7 in Stealth
  3794 | D:5      | Reached skill level 1 in Invocations
  3795 | D:5      | Gained mutation: You evolve. [potion of mutation]
  3795 | D:5      | Gained mutation: Your spells are a little harder to cast, but a little more powerful. [potion of mutation]
  3795 | D:5      | Gained mutation: Your muscles are strong. (Str +2) [potion of mutation]
  3796 | D:5      | Gained mutation: Your body sometimes deteriorates upon taking damage. [potion of mutation]
  3796 | D:5      | Gained mutation: You are frail (-10% HP). [potion of mutation]
  3796 | D:5      | Gained mutation: You tend to lose your temper in combat. [potion of mutation]
  3867 | D:5      | Found a basalt altar of Yredelemnul.
  4160 | D:5      | Found a staircase to the Ecumenical Temple.
  4189 | D:5      | Reached XP level 8. HP: 49/49 MP: 9/9
  4333 | D:5      | Found a shimmering altar of Xom.
  4510 | D:5      | Lost mutation: Your body sometimes deteriorates upon taking damage. [evolution]
  4726 | D:5      | Gained mutation: Scrolls take you a little longer to read. [mutagenic meat]
  4954 | D:6      | Found a stormy altar of Qazlal.
  5119 | D:6      | Found a sand-covered staircase.
  5250 | Ossuary  | Entered an ossuary
  5448 | Ossuary  | Reached skill level 8 in Stealth
  5690 | Ossuary  | Reached ** piety under Fedhas
  6413 | D:6      | Found a burning altar of Makhleb.
  6687 | D:6      | Found an opulent altar of Gozag.
  6906 | D:7      | Noticed M4edhros's ghost (novice OpWn)
  6911 | D:7      | Killed M4edhros's ghost
  6911 | D:7      | Reached skill level 9 in Stealth
  6911 | D:7      | Reached skill level 1 in Shields
  6911 | D:7      | Reached skill level 5 in Invocations
  6911 | D:7      | Reached XP level 9. HP: 28/54 MP: 11/13
  7463 | D:7      | Reached *** piety under Fedhas
  7679 | D:7      | Noticed Menkaure
  7690 | D:7      | Killed Menkaure
  8017 | D:7      | Found an oddly glowing altar of Pakellas.
  8018 | D:7      | Noticed a deep elf annihilator
  8028 | D:7      | Killed a deep elf annihilator
  8385 | D:7      | Reached skill level 10 in Stealth
  9393 | D:8      | Noticed Joseph
  9402 | D:8      | Killed Joseph
  9770 | D:8      | Found a glowing golden altar of the Shining One.
  9797 | D:8      | Noticed Psyche
  9807 | D:8      | Killed Psyche
  9807 | D:8      | Reached XP level 10. HP: 31/59 MP: 16/16
  9958 | D:8      | Learned a level 5 spell: Lee's Rapid Deconstruction
 10015 | D:8      | Reached **** piety under Fedhas
 10190 | D:8      | Found a radiant altar of Vehumet.
 10243 | D:8      | Found a staircase to the Lair.
 10427 | D:8      | Reached skill level 1 in Earth Magic
 10785 | D:8      | Learned a level 2 spell: Corpse Rot
 10846 | D:9      | Reached skill level 1 in Necromancy
 10860 | D:9      | Reached skill level 1 in Polearms
 11303 | D:9      | Reached skill level 11 in Stealth
 11577 | D:9      | Reached ***** piety under Fedhas
 11617 | D:9      | Reached skill level 5 in Shields
 11799 | D:9      | Found a roughly hewn altar of Beogh.
 11799 | D:9      | Found a staircase to the Orcish Mines.
 11896 | D:10     | Entered Level 10 of the Dungeon
 11937 | D:10     | Noticed a gargoyle
 11945 | D:10     | Killed a gargoyle
 11993 | D:10     | Reached XP level 11. HP: 50/63 MP: 18/18
 12027 | D:10     | HP: 3/63 [poisoned by a killer bee]
 12035 | D:10     | HP: 3/63 [poisoned by a killer bee]
 12410 | D:10     | Noticed Torro's ghost (journeyman DsFi)
 12431 | D:10     | Killed Torro's ghost
 12812 | D:10     | Lost mutation: Scrolls take you a little longer to read. [mutagenic meat]
 12813 | D:10     | Gained mutation: Your skin blends seamlessly with your surroundings (Stealth). [mutagenic meat]
 12814 | D:10     | Lost mutation: You tend to lose your temper in combat. [mutagenic meat]
 12815 | D:10     | Gained mutation: Your magical capacity is low (-10% MP). [mutagenic meat]
 12816 | D:10     | Gained mutation: Your muscles are very strong. (Str +4) [potion of beneficial mutation]
 12817 | D:10     | Gained mutation: You are covered in fur (AC +1). [potion of beneficial mutation]
 12951 | D:11     | Noticed an unseen horror
 12968 | D:11     | Killed an unseen horror
 13075 | D:11     | Reached skill level 5 in Necromancy
 13183 | D:11     | Noticed a cyan ugly thing
 13191 | D:11     | Killed a cyan ugly thing
 13199 | D:11     | Gained mutation: You are resistant to hostile enchantments. [mutagenic meat]
 13200 | D:11     | Gained mutation: One of your tentacles bears a spike. [mutagenic meat]
 13302 | D:11     | Found a blossoming altar of Fedhas.
 13459 | D:12     | Reached skill level 5 in Polearms
 13569 | D:12     | Noticed a hill giant
 13579 | D:12     | Killed a hill giant
 13677 | D:12     | Noticed a white ugly thing
 13833 | D:12     | Found a labyrinth entrance.
 13840 | Lab      | Entered a labyrinth
 14103 | Lab      | Gained mutation: You are occasionally teleported next to monsters. [evolution]
 14358 | Lab      | Noticed a minotaur
 14386 | Lab      | Killed a minotaur
 14430 | Lab      | Got a pitted dagger
 14431 | Lab      | Identified the +0 dagger "Octopus's Regret" {elec, *Drain +Inv rElec Dex+3} (You found it in a labyrinth)
 14654 | D:12     | Noticed Sonja
 14662 | D:12     | Killed Sonja
 14938 | D:12     | Noticed a hill giant
 14947 | D:12     | Killed a hill giant
 15063 | D:12     | Reached XP level 12. HP: 62/69 MP: 17/17
 15144 | D:12     | Reached skill level 1 in Short Blades
 15195 | D:12     | Noticed a six-headed hydra
 15208 | D:12     | Killed a six-headed hydra
 15810 | D:13     | Noticed a rakshasa
 15824 | D:13     | Killed a rakshasa
 15825 | D:13     | Lost mutation: You are frail (-10% HP). [evolution]
 16152 | D:13     | Found a glowing golden altar of the Shining One.
 16532 | D:12     | Mangled by a white ugly thing

Vault maps used:
D:1:      eino_arrival_cavern_d, hangedman_decor_slide_cut
D:2:      first_bread
D:3:      marbit_many_paths, minitemple, uniq_natasha
D:4:      nicolae_qazlal_style_of_elements
D:5:      xom_butterflies, lemuel_zombie_altar_yredelemnul,
          minmay_temple_entry_statues_pillars, serial_corexii_hall,
          corexii_hall_statues_l, corexii_hall_statues_i, uniq_prince_ribbit1
D:6:      lemuel_round_altar, lemuel_crystal_altar,
          lemuel_coloured_pillars_altar, enter_ossuary_5, st_stairs_9
D:7:      grunt_livestock, gammafunk_pakellas_spire_experiment, uniq_menkaure
D:8:      vehumet_altar_wand_db, old_standard_altar, lair_0_dummy,
          kennysheep_generic_room_15, uniq_psyche, uniq_joseph
D:9:      david_orc_5
D:11:     basic_altar
D:12:     lab_entry_generic, uniq_sonja
D:13:     nicolae_tso_swordbearing_angel
Lab:      labyrinth_hidden_loot, lab_hedge, nicolae_lab_lava,
          nicolae_lab_diamond, labyrinth_skeletal_remains, nicolae_lab_t_cross,
          nicolae_lab_starburst
Ossuary:  ossuary_minmay_scorpions

Skill      XL: |  1  2  3  4  5  6  7  8  9 10 11 12 |
---------------+-------------------------------------+-----
Stealth        | 2 3 4 5 6 7 9 10 11 | 11.6
Slings         | 1 2 3 4 5 6 7 8 9 |  9.2
Invocations    | 2 5 8 9 |  9.6
Shields        | 1 4 5 6 |  6.8
Earth Magic    | 1 |  1.2
Necromancy     | 4 6 |  6.8
Polearms       | 3 6 |  6.7
Evocations     | 3 4 |  4.2
Short Blades   | 1 |  1.8
Fighting       | |  5.0
Axes           | |  3.0

Action                   |  1- 3 |  4- 6 |  7- 9 | 10-12 || total
-------------------------+-------+-------+-------+-------++-------
Melee: Hand axe          |    34 |    30 |   100 |       ||   164
       Spear             |    36 |    75 |       |   208 ||   319
       Dagger            |       |       |       |    32 ||    32
 Fire: Hunting sling     |    20 |    30 |   340 |   276 ||   666
Invok: Evolution         |       |       |     8 |     6 ||    14
       Sunlight          |       |       |       |     3 ||     3
Evoke: Wand              |       |     4 |     2 |     7 ||    13
  Use: Potion            |     3 |     3 |     7 |    15 ||    28
       Scroll            |       |     6 |     9 |     7 ||    22
 Stab: Sleeping          |     8 |    12 |     7 |    20 ||    47
       Confused          |       |     4 |       |     1 ||     5
       Distracted        |       |       |       |     2 ||     2
       Paralysed         |       |       |       |     2 ||     2
  Eat: Chunk             |     2 |       |     2 |     8 ||    12
       Bread ration      |       |     1 |     4 |     3 ||     8
       Royal jelly       |       |       |     1 |     1 ||     2
       Beef jerky        |       |       |     1 |       ||     1
       Meat ration       |       |       |       |     1 ||     1
